 Dungeon Crawl Stone Soup version 0.28.0-43-g3370ac3207 (webtiles) character file.

Game seed: 13618239727953839894

326 styxcanada the Covert (level 6, -2/32 HPs)
             Began as a Spriggan Brigand on Mar 14, 2022.
             Slain by a phantom (9 damage)
             ... on level 4 of the Dungeon.
             The game lasted 00:12:53 (4492 turns).

styxcanada the Covert (Spriggan Brigand)            Turns: 4492, Time: 00:12:54

Health: -2/32      AC:  3    Str:  7    XL:     6   Next: 24%
Magic:  7/7        EV: 18    Int: 12    God:
Gold:   209        SH:  0    Dex: 19    Spells: 5/5 levels left

rFire   . . .      SeeInvis +   m - +4 dagger (elec)
rCold   . . .      Faith    .   (no shield)
rNeg    . . .      Spirit   .   b - +0 robe
rPois   .          Reflect  .   (helmet restricted)
rElec   .          Harm     .   n - +0 cloak "Caxkees" {Slay+2}
rCorr   .          Rampage  .   (gloves unavailable)
Will    +....                   (boots unavailable)
Stlth   ++++......              (no amulet)
HPRegen 0.10/turn               (no ring)
MPRegen 0.10/turn               (no ring)

@: very quick
A: very small, no large weapons, unfitting armour, see invisible, speed 3
a: no special abilities


You were on level 4 of the Dungeon.
You visited 1 branch of the dungeon, and saw 4 of its levels.

You collected 209 gold pieces.

Inventory:

Hand Weapons
 a - a +2 dagger
 m - a +4 dagger of electrocution (weapon)
Missiles
 d - 7 poisoned darts (quivered)
 e - 2 curare-tipped darts
 g - 92 stones
 p - 15 sling bullets
Armour
 b - a +0 robe (worn)
 c - a +1 cloak
 n - the +0 cloak "Caxkees" (worn) {Slay+2}
   (You found it on level 3 of the Dungeon)

   Slay:      It affects your accuracy & damage with ranged weapons and melee
   (+2).
Scrolls
 o - a scroll of teleportation
Potions
 f - a potion of invisibility
 h - a potion of heal wounds {unknown}
 i - a potion of mutation
 j - 2 potions of flight
 k - a potion of curing {unknown}
 l - a potion of cancellation


   Skills:
 * Level 2.4 Fighting
 + Level 3.2 Short Blades
 + Level 3.0 Throwing
 * Level 3.5 Dodging
 * Level 8.9 Stealth


You had 5 spell levels left.
You didn't know any spells.
Your spell library contained the following spells:

 Spells                   Type           Power      Damage    Failure   Level
 Blink                    Tloc           0%         N/A       45%         2
 Manifold Assault         Tloc           0%         N/A       100%        5
 Storm Form               Tmut/Air       0%         N/A       100%        7


Dungeon Overview and Level Annotations

Branches:
Dungeon (4/15)
 Temple: D:4-7

Altars:
Ashenzari
Dithmenos
Fedhas
Makhleb
Sif Muna
Yredelemnul
The Shining One


Innate Abilities, Weirdness & Mutations

You are very small and have problems with some larger weapons.
You are too small for most types of armour.
You have supernaturally acute eyesight. (SInv)
You cover ground extremely quickly. (Speed+++)


Message History

The phantom is severely damaged.
The phantom hits you!
The phantom blinks!
You blink.
You miss the phantom.
The phantom is severely damaged.
The phantom hits you!
You barely miss the phantom.
The phantom is severely damaged.
The phantom hits you.
* * * LOW HITPOINT WARNING * * *
The phantom blinks!
You blink.
You completely miss the phantom.
The phantom is severely damaged.
You closely miss the phantom.
The phantom is severely damaged.
The phantom hits you but does no damage.
You closely miss the phantom.
The phantom is severely damaged.
The phantom misses you.
You completely miss the phantom.
The phantom is severely damaged.
The phantom closely misses you.
You hit the phantom.
The phantom is almost destroyed.
The phantom closely misses you.
You hit the phantom.
The phantom is almost destroyed.
The phantom closely misses you.
You hit the phantom but do no damage.
The phantom is almost destroyed.
You hit the phantom but do no damage.
The phantom is almost destroyed.
The phantom hits you.
* * * LOW HITPOINT WARNING * * *
You hit the phantom but do no damage.
The phantom is almost destroyed.
The phantom closely misses you.
You closely miss the phantom.
The phantom is almost destroyed.
The phantom hits you!
You die...

.#...# #.#### #.# #.
#.# #. ### #.######
#.###.#
.......####.##..##
....)............###
....##.........W...#
..#.##..........@..#
..#.##.#####.......#
..#.##......##...###
..#.#######.##...#
..#.# #.###....
..#<# #.# #.####
#.#.# #.# #.# #.#.#
#.. ..# ..#.# #.. ##


You could see a phantom.

Vanquished Creatures
  An ogre (D:4)
  A howler monkey (D:4)
  An orc priest (D:4)
  3 orc wizards (D:4)
  A hound skeleton (D:4)
  An adder (D:3)
  A worm (D:2)
  3 dart slugs
  6 orcs
  A bat (D:2)
  8 endoplasms
  4 giant cockroaches
  4 goblins
  5 hobgoblins
  4 jackals (D:1)
  9 kobolds
  2 quokkas
  A ball python (D:1)
  6 frilled lizards
  2 rats
64 creatures vanquished.

Vanquished Creatures (others)
  A demonic plant (D:1)
1 creature vanquished.

Grand Total: 65 creatures vanquished

Notes
Turn   | Place    | Note
-------+----------+-------------------------------------------
     0 | D:1      | styxcanada the Spriggan Brigand began the quest for the
                  | Orb.
     0 | D:1      | Reached XP level 1. HP: 10/10 MP: 2/2
    24 | D:1      | Reached skill level 6 in Stealth
   429 | D:1      | Reached XP level 2. HP: 5/15 MP: 3/3
   825 | D:1      | Found a faded altar of an unknown god.
  1379 | D:1      | Reached XP level 3. HP: 18/18 MP: 4/4
  2553 | D:2      | Found the +10 morningstar "Eos" {elec, Halo rElec}
  3116 | D:3      | Found a basalt altar of Yredelemnul.
  3116 | D:3      | Found a burning altar of Makhleb.
  3116 | D:3      | Found a shadowy altar of Dithmenos.
  3116 | D:3      | Found a shimmering blue altar of Sif Muna.
  3118 | D:3      | Found a blossoming altar of Fedhas.
  3119 | D:3      | Found a glowing golden altar of the Shining One.
  3212 | D:3      | Reached skill level 7 in Stealth
  3373 | D:3      | Found a broken altar of Ashenzari.
  3429 | D:3      | Reached XP level 4. HP: 17/23 MP: 5/5
  3662 | D:3      | Identified the +0 cloak "Caxkees" {Slay+2}
  4008 | D:4      | Reached XP level 5. HP: 26/26 MP: 6/6
  4014 | D:4      | Reached skill level 8 in Stealth
  4141 | D:4      | Noticed an ogre
  4172 | D:4      | Killed an ogre
  4173 | D:4      | Reached XP level 6. HP: 31/31 MP: 7/7
  4492 | D:4      | Slain by a phantom

Illustrated notes

Levels and vault maps discovered:
D:1:      lemuel_arrival_rhombus, layout_basic, shapermc_ecumenical_altar_gd
D:2:      layout_basic
D:3:      layout_basic, nicolae_overflow_crystal_walls,
          grunt_temple_overflow_open
D:4:      layout_loops_ring, mainiacjoe_overflow_two_lobes

Skill      XL: |  1  2  3  4  5  6 |
---------------+-------------------+-----
Stealth        | 6 7 8 |  8.9
Fighting       | 2 |  2.4
Dodging        | 2 3 |  3.5
Short Blades   | 3 |  3.2
Throwing       | 3 |  3.0

Action                   |  1- 3 |  4- 6 || total
-------------------------+-------+-------++-------
Melee: Dagger            |   114 |    60 ||   174
       Punch             |     1 |       ||     1
Throw: Dart              |    24 |    15 ||    39
  Use: Scroll            |     9 |     3 ||    12
 Stab: Sleeping          |    10 |       ||    10
       Distracted        |     1 |       ||     1
Armor: Robe              |    15 |     5 ||    20
Dodge: Dodged            |    56 |    27 ||    83
